 Dungeon Crawl Stone Soup version 0.23-a0-33-g1e3a2e4 (webtiles) character file.

257 topirishpotato the Shield-Bearer (level 6, -30/38 HPs)
             Began as a Gargoyle Fighter on Aug 4, 2018.
             Engulfed by a cloud of flame (34 damage)
             ... on level 3 of the Dungeon.
             The game lasted 00:05:53 (3037 turns).

topirishpotato the Shield-Bearer (Gargoyle Fighter) Turns: 3037, Time: 00:05:54

Health: -30/38     AC: 14    Str: 20    XL:     6   Next: 16%
Magic:  7/7        EV:  8    Int:  8    God:
Gold:   170        SH:  9    Dex: 11    Spells: 7/7 levels left

rFire    . . .     SeeInvis .   a - +0 flail
rCold    . . .     Gourm    .   c - +0 shield
rNeg     + . .     Faith    .   l - +2 ring mail {rPois}
rPois    ∞         Spirit   .   k - +0 helmet
rElec    +         Reflect  .   (no cloak)
rCorr    .         Harm     .   w - +0 pair of gloves
MR       .....                  (no boots)
Stlth    +.........             (no amulet)
HPRegen  0.12/turn              s - ring of flight
MPRegen  0.10/turn              (no ring)

@: no status effects
A: negative energy resistance 1, electricity resistance, unbreathing,
petrification resistance, rot immunity, AC +4
a: Evoke Flight


You were on level 3 of the Dungeon.
You were not hungry.

You visited 1 branch of the dungeon, and saw 3 of its levels.

You collected 170 gold pieces.

Inventory:

Hand Weapons
 a - a +0 flail (weapon)
Missiles
 j - 45 stones (quivered)
Armour
 c - a +0 shield (worn)
 k - a +0 helmet (worn)
 l - a +2 ring mail of poison resistance (worn)
 w - a +0 pair of gloves (worn)
Jewellery
 s - a ring of flight (left hand)
Wands
 o - a wand of polymorph (13)
Scrolls
 b - a scroll of remove curse
 e - a scroll of magic mapping {unknown}
 p - a scroll of identify
 r - a scroll of amnesia {unknown}
 t - a scroll of teleportation
Potions
 d - a potion of might
 g - 2 potions of heal wounds {unknown}
 h - a potion of cancellation {unknown}
 i - 4 potions of lignification {unknown}
 m - 2 potions of agility
 n - 2 potions of ambrosia {unknown}
 q - a potion of flight {unknown}
 u - a potion of degeneration {unknown}
 v - a potion of curing {unknown}
Comestibles
 f - 2 rations
 x - a chunk of flesh


   Skills:
 + Level 4.0 Fighting
 + Level 4.0 Maces & Flails
 + Level 4.1 Armour
 - Level 0.7 Dodging
 - Level 0.1 Stealth
 + Level 4.5 Shields
 * Level 1.1 Spellcasting


You had 7 spell levels left.
You didn't know any spells.
Your spell library was empty.

Dungeon Overview and Level Annotations

Branches:
Dungeon (3/15)

Altars:
Dithmenos
Hepliaklqana
Trog
Uskayaw
Wu Jian
Xom


Innate Abilities, Weirdness & Mutations

You are resistant to torment.
Your stone body is resilient. (AC +4)
You are immune to poison.
You resist negative energy. (rN+)
You are resistant to electric shocks. (rElec)
You can survive without breathing.
You are immune to petrification.
You are immune to rotting.


Message History

The dream sheep burns! x10; The dream sheep barely misses you.
You barely miss the dream sheep.
The dream sheep is severely wounded.
The dream sheep burns! x5; You block the dream sheep's attack.
The dream sheep bleats! x2
You sock the dream sheep!
The dream sheep explodes!
The fiery explosion engulfs you!
Ouch! That really hurt!
* * * LOW HITPOINT WARNING * * *
Your Fighting skill increases to level 4!
Your Maces & Flails skill increases to level 4!
Your Spellcasting skill increases to level 1!
You have reached level 6!
Your experience leads to an increase in your attributes!
Increase (S)trength, (I)ntelligence, or (D)exterity?
You feel agile.
You are engulfed in blazing flames.
Ouch! That really hurt!
You die...

.#.####..##### #.....###..... ###
.#......)...)###.%...##_....._#..
........)...)........###.....####
.#.####..##..........# #8...8#
...# #..##..........###.....####
#######..###......Y...#8...).8#..
#............§.§...Y.##.....####
#######..###..§.§..Y.###8...8
.........# #..§.@...Y# ##>##
#######.####.........##########
#######..............#.###.#..#
.....................(.>......#
#####.#.####%##.###..#..##.#..#
#.#.....####.##..##..#..##.#..#
#.#........#.##..##.%#..##.#..#
#.#........#.##..##..#..##.#..#
#.#........#...............#..#


You could see 4 dream sheep.

Vanquished Creatures
  A dream sheep (D:3)
  Terence (D:2)
  An orc wizard (D:3)
  A worker ant (D:2)
  4 adders (D:3)
  3 worms
  3 dart slugs
  2 leopard geckos
  6 orcs (D:3)
  2 ball pythons
  2 giant cockroaches
  5 goblins
  9 hobgoblins
  2 jackals (D:3)
  4 quokkas
  11 bats
  2 frilled lizards (D:3)
  4 kobolds
  2 rats
65 creatures vanquished.

Notes
Turn   | Place    | Note
-------+----------+-------------------------------------------
     0 | D:1      | topirishpotato the Gargoyle Fighter began the quest for the Orb.
     0 | D:1      | Reached XP level 1. HP: 14/14 MP: 1/1
   419 | D:1      | Reached XP level 2. HP: 19/19 MP: 2/2
  1118 | D:2      | Noticed Terence
  1138 | D:2      | Killed Terence
  1138 | D:2      | Reached XP level 3. HP: 19/23 MP: 3/3
  1215 | D:2      | Reached XP level 4. HP: 22/29 MP: 4/4
  1353 | D:2      | Found an ornate altar of the Wu Jian Council.
  1433 | D:2      | Found a shadowy altar of Dithmenos.
  2185 | D:3      | Reached XP level 5. HP: 33/33 MP: 5/5
  2452 | D:3      | Found a hide-covered altar of Uskayaw.
  2454 | D:3      | Found a bloodstained altar of Trog.
  2595 | D:3      | Found a hazy altar of Hepliaklqana.
  3033 | D:3      | Found a shimmering altar of Xom.
  3033 | D:3      | Noticed a dream sheep
  3033 | D:3      | Noticed a dream sheep
  3033 | D:3      | Noticed a dream sheep
  3033 | D:3      | Noticed a dream sheep
  3033 | D:3      | Noticed a dream sheep
  3037 | D:3      | Killed a dream sheep
  3037 | D:3      | Reached skill level 1 in Spellcasting
  3037 | D:3      | Reached XP level 6. HP: 4/38 MP: 7/7
  3037 | D:3      | Engulfed by a cloud of flame

Vault maps used:
D:1:      dpeg_arrival_renting, kennysheep_minor_cross
D:2:      grunt_dithmenos_smoke_and_mirrors, lemuel_round_altar,
          serial_bayou_crossing, uniq_terence
D:3:      minmay_diamond_boxcup, kb_xom_exploding_sheep,
          nicolae_overflow_hidden_temple, marbit_many_paths

Skill      XL: |  1  2  3  4  5 |
---------------+----------------+-----
Shields        | 4 |  4.5
Maces & Flails | 3 4 |  4.0
Armour         | 4 |  4.1
Fighting       | 4 |  4.0
Spellcasting   | 1 |  1.1
Dodging        | |  0.7
Stealth        | |  0.1

Action                   |  1- 3 |  4- 6 || total
-------------------------+-------+-------++-------
Melee: Flail             |    67 |   222 ||   289
  Use: Scroll            |     2 |     5 ||     7
 Stab: Fleeing           |       |     1 ||     1
  Eat: Chunk             |       |     7 ||     7
Armor: Scale mail        |     5 |       ||     5
       Ring mail         |    18 |   176 ||   194
Dodge: Dodged            |    27 |   113 ||   140
Block: Shield            |    34 |   122 ||   156

Table legend:
 A = Spawn XP
 B = Non-spawn XP
 C = Spawn XP percentage of total XP
 D = Spawn monster count
 E = Non-spawn monster count
 F = Spawn count percentage of total count
 G = Total turns spent on level
                    A         B        C        D         E        F      G
               +---------+---------+-------+---------+---------+-------+---------
         Total |       0 |     368 |   0.0 |       0 |      65 |   0.0 |  3037
               +---------+---------+-------+---------+---------+-------+---------
           D:1 |       0 |      14 |   0.0 |       0 |       6 |   0.0 |   986
           D:2 |       0 |     106 |   0.0 |       0 |      19 |   0.0 |   721
           D:3 |       0 |     248 |   0.0 |       0 |      40 |   0.0 |  1330
               +---------+---------+-------+---------+---------+-------+---------
